 Dungeon Sprint DCSS version 0.24.0-125-gc4c63601f3 (webtiles) character file.

Game seed: 13458296722451942212, levelgen mode: deterministic

1306 Ponchio the Earth Mage (level 8, -12/41 HPs)
             Began as a Deep Elf Earth Elementalist on Feb 29, 2020.
             Killed from afar by Roxanne (53 damage)
             ... with an iron shot
             ... in the Dungeon (Sprint II: "The Violet Keep of Menkaure").
             The game lasted 00:03:20 (561 turns).

Ponchio the Earth Mage (Deep Elf Earth Elementalist) Turns: 561, Time: 00:03:21

Health: -12/41     AC:  2    Str:  3    XL:     8   Next: 32%
Magic:  28/28      EV: 13    Int: 23    God:
Gold:   972        SH:  0    Dex: 15    Spells: 21/36 levels left

rFire    . . .     SeeInvis .   (no weapon)
rCold    . . .     Gourm    .   (no shield)
rNeg     . . .     Faith    .   c - +0 robe
rPois    .         Spirit   .   (no helmet)
rElec    .         Reflect  .   (no cloak)
rCorr    .         Harm     .   (no gloves)
MR       .....     NoTele   +   (no boots)
Stlth    +.........             (no amulet)
HPRegen  0.13/turn              (no ring)
MPRegen  0.21/turn              (no ring)

@: very slow
A: weak 1
a: no special abilities


You were in the Dungeon.
You were not hungry.

You visited 1 branch You collected 972 gold pieces.

Inventory:

Missiles
 b - 15 stones (quivered)
Armour
 c - a +0 robe (worn)
Scrolls
 j - a scroll of blinking
Potions
 h - a potion of magic
 i - a potion of berserk rage
Comestibles
 a - 6 chunks of flesh
 d - a ration


   Skills:
 - Level 2.4 Dodging
 - Level 2.4 Stealth
 + Level 14.9 Spellcasting
 - Level 1.1 Transmutations
 + Level 15.0 Earth Magic


You had 21 spell levels left.
You knew the following spells:

 Your Spells              Type           Power        Failure   Level  Hunger
a - Sandblast             Erth           ######       0%          1    None
b - Passwall              Tmut/Erth      ######..     1%          2    None
c - Stone Arrow           Conj/Erth      ######       1%          3    None
d - Petrify               Tmut/Erth      ######..     1%          4    None
e - Lee's Rapid Deconstr  Erth           ######....   1%          5    ##.....

Your spell library contained the following spells:

 Spells                   Type           Power        Failure   Level  Hunger


Dungeon Overview and Level Annotations

Branches:
Dungeon (1/1)

Altars:

Annotations:
D Roxanne


Innate Abilities, Weirdness & Mutations

You are weak. (Str -2)


Message History

There is an open door here.
You now have 972 gold pieces (gained 243).
There is an open door here.
You start resting.
Some of the chunks of flesh in your inventory have rotted away.
The walls and floor vibrate strangely for a moment.
You start resting.
Magic restored.
There is a staircase leading out of the dungeon here.
There is an open door, spattered with blood here.
You see here a hippogriff skeleton.
You open the door.
There is an open door here.
Really walk into a travel-excluded area?
You enter the shallow water.
Moving in this stuff is going to be slow.
Roxanne casts a spell.
The iron shot hits you!!!
Ouch! That really hurt!
You die...

##..##.##...#
+.##'.<.'##.+
#
##..##.##...#
#≈
#.###'###.##
≈≈####.#÷####
≈≈ #.###.#
#≈##.#.## §
#≈≈##'##≈≈§§
#≈≈@≈≈§≈≈≈§≈
#'''#'''#≈§≈
#≈≈§§§§§#
#.§§§§§§§§#
+§≈§≈§8§§§§§'
##≈§§§§§§§§##§
##§§§§§§≈##
####+####


You could see Roxanne.

Vanquished Creatures
  2 hippogriffs (D)
  4 neqoxecs (D)
  4 necrophages (D)
  4 worker ants (D)
14 creatures vanquished.

Vanquished Creatures (others)
  A crocodile (D)
1 creature vanquished.

Grand Total: 15 creatures vanquished

Notes
Turn   | Place    | Note
-------+----------+-------------------------------------------
     0 | D        | Ponchio the Deep Elf Earth Elementalist began the quest for
                  | the Orb.
     0 | D        | Reached XP level 1. HP: 10/10 MP: 6/6
     1 | D        | Noticed a necrophage
     1 | D        | Noticed a necrophage
     1 | D        | Noticed a necrophage
     1 | D        | Noticed a necrophage
     9 | D        | Killed a necrophage
     9 | D        | Reached skill level 8 in Earth Magic
     9 | D        | Reached XP level 2. HP: 3/15 MP: 0/12
     9 | D        | Reached XP level 3. HP: 4/19 MP: 0/13
     9 | D        | Reached XP level 4. HP: 5/24 MP: 0/15
    16 | D        | Killed a necrophage
    16 | D        | Reached skill level 10 in Earth Magic
    16 | D        | Reached XP level 5. HP: 5/28 MP: 11/18
    18 | D        | Killed a necrophage
    18 | D        | Reached skill level 11 in Earth Magic
    20 | D        | Killed a necrophage
    20 | D        | Reached skill level 10 in Spellcasting
    20 | D        | Reached skill level 12 in Earth Magic
    20 | D        | Reached XP level 6. HP: 6/32 MP: 8/21
    24 | D        | Learned a level 2 spell: Passwall
    28 | D        | Learned a level 3 spell: Stone Arrow
    33 | D        | Learned a level 4 spell: Petrify
    39 | D        | Learned a level 5 spell: Lee's Rapid Deconstruction
   291 | D        | Noticed a hippogriff
   291 | D        | Noticed a hippogriff
   293 | D        | Killed a hippogriff
   293 | D        | Reached skill level 13 in Earth Magic
   293 | D        | Reached XP level 7. HP: 36/36 MP: 11/24
   294 | D        | Killed a hippogriff
   300 | D        | Identified Roxanne's Almanac of Transmutation
   300 | D        | Noticed Roxanne
   395 | D        | Reached skill level 14 in Earth Magic
   475 | D        | Noticed a neqoxec
   475 | D        | Noticed a neqoxec
   475 | D        | Noticed a neqoxec
   475 | D        | Noticed a neqoxec
   475 | D        | Gained mutation: You are weak. (Str -2) [a neqoxec]
   476 | D        | Killed a neqoxec
   478 | D        | Killed a neqoxec
   478 | D        | Reached XP level 8. HP: 41/41 MP: 17/28
   479 | D        | Reached skill level 15 in Earth Magic
   561 | D        | Killed from afar by Roxanne

Levels and vault maps discovered:
D:        the_violet_keep_of_menkaure [sprint2_stairs_cluster_1,
          sprint2_shoproom, sprint2_temple, sprint2_basic_supplies,
          sprint2_obstacle_6, sprint2_obstacle_4, sprint2_obstacle_7,
          sprint2_obstacle_2, sprint2_obstacle_3, sprint2_timed_cluster_1,
          sprint2_smallroom_cluster_1, sprint2_smallroom_final_cluster_1,
          sprint2_transparent_cluster_1, sprint2_second_timed_cluster_1,
          sprint2_sniper_area_1, sprint2_heavy_combat_area_1,
          sprint2_mutation_trap_area_1, sprint2_forest_area_1,
          sprint2_light_combat_area_1, sprint2_behind_water_1,
          sprint2_near_end_vault_1]

Skill      XL: |  1  2  3  4  5  6  7  8 |
---------------+-------------------------+-----
Spellcasting   | 7 8 10 12 14 | 14.9
Earth Magic    | 8 10 12 13 14 15 | 15.0
Dodging        | |  2.4
Stealth        | |  2.4
Transmutations | |  1.1

Action                   |  1- 3 |  4- 6 |  7- 9 || total
-------------------------+-------+-------+-------++-------
 Cast: Sandblast         |     5 |    10 |       ||    15
       Lee's Rapid Decon |       |     1 |     8 ||     9
  Use: Potion            |     2 |     2 |       ||     4
Armor: Robe              |       |     1 |       ||     1
Dodge: Dodged            |     1 |       |     1 ||     2
